 Dungeon Crawl Stone Soup version 0.14-a0-1613-gd720e3e (webtiles) character file.

1848 M4edhros the Sneak (level 8, -1/48 HPs)
             Began as an Octopode Artificer on Dec 24, 2013.
             Was a Believer of Fedhas.
             Slain by a wight
             ... wielding a +1,+2 mace
              (10 damage)
             ... on Level 7 of the Dungeon.
             The game lasted 00:14:15 (6637 turns).

M4edhros the Sneak (Octopode Artificer)             Turns: 6637, Time: 00:14:16

HP  -1/48        AC  1     Str 11      XL: 8   Next: 81%
MP  15/16        EV 13     Int 12 (16) God: Fedhas [**....]
Gold 349         SH  0     Dex 11 (12) Spells:  0 memorised,  7 levels left

rFire  . . .     SeeInvis +     u - -1 orc trident
rCold  . . .     Clarity  +     (no shield)
rNeg   . . .     Conserve .     (helmet restricted)
rPois  .         rCorr    .     (no amulet)
rElec  .         rRot     .     e - cursed ring of see invisible {unknown}
SustAb . .       Spirit   .     (no ring)
rMut   .         Warding  .     (no ring)
Saprov . . .     Stasis   .     (no ring)
                                (no ring)
                                (no ring)
                                (no ring)
                                (no ring)

@: slightly resistant to hostile enchantments, very stealthy
A: almost no armour, amphibious, 8 rings, constrict 8, camouflage 1, clarity,
gelatinous body 1
a: Evolution, Sunlight, Renounce Religion


You were on level 7 of the Dungeon.
You worshipped Fedhas.
Fedhas was pleased with you.
You were not hungry.

You visited 2 branches of the dungeon, and saw 8 of its levels.

You collected 349 gold pieces.

Inventory:

Hand weapons
 a - a +0,+0 short sword
 o - a +0,+0 bardiche
 u - a -1,-1 orcish trident (weapon)
Magical devices
 b - a wand of flame (2)
 c - a wand of enslavement (13)
 d - a wand of random effects (10)
 j - a wand of teleportation (4)
 y - a wand of draining (1)
 B - a wand of fire (10) {unknown}
Comestibles
 f - 2 bread rations
 r - a snozzcumber
 z - an apple
 A - a meat ration
Scrolls
 g - a scroll of identify {unknown}
 h - a scroll of magic mapping {unknown}
 i - 2 scrolls of blinking {unknown}
 k - 2 scrolls of teleportation {unknown}
 l - 3 scrolls of remove curse {unknown}
 m - a scroll of amnesia {unknown}
 n - 2 scrolls of enchant weapon II {unknown}
 q - a scroll of noise {unknown}
 s - 3 scrolls of random uselessness {unknown}
 t - 2 scrolls of enchant weapon I {unknown}
 w - a scroll of immolation {unknown}
Jewellery
 e - a cursed ring of see invisible (left tentacle) {unknown}
Potions
 p - 3 potions of heal wounds
 v - 4 potions of curing
Books
 x - a book of Wizardry

   Spells                             Type                      Level
   Summon Elemental                   Summoning                    4
   Agony                              Necromancy                   5
   Force Lance                        Conjuration                  5
   Fireball                           Conjuration/Fire             5
   Haste                              Charms                       6
   Invisibility                       Hexes                        6


   Skills:
 - Level 1.0 Fighting
 - Level 2.9 Short Blades
 * Level 4.5 Polearms
 + Level 4.6 Dodging
 + Level 7.9 Stealth
 * Level 3.2 Invocations
 + Level 6.5 Evocations


You had 7 spell levels left.
You didn't know any spells.

Dungeon Overview and Level Annotations

Branches:
Dungeon (7/16)             Temple (1/1) D:4

Altars:
Ashenzari
Cheibriados
Elyvilon
Fedhas
Kikubaaqudgha
Makhleb
Nemelex Xobeh
Okawaru
Sif Muna
Trog
Vehumet
Xom
Yredelemnul
Zin
the Shining One
Jiyva

Shops:
D:4 %


Innate Abilities, Weirdness & Mutations

You cannot wear most types of armour.
You are amphibious.
You can wear up to eight rings at the same time.
You can use your tentacles to constrict many enemies at once.
Your skin changes colour to match your surroundings (Stlth).
Your rubbery body absorbs attacks (AC +1).
You possess an exceptional clarity of mind.


Message History

Evoke which item? (* to show all) (? for menu, Esc to quit)
Zapping:
c - a wand of enslavement (15)
Press: ? - help, Shift-Dir - straight line, f/p - wight
Aim: a wight, wielding a mace and wearing a robe (lightly damaged)
The wight is repulsed!
This wand has 14 charges left.
The wight barely misses you.
The orc wizard jeers repeatedly.
The orc wizard hits you with an orcish dagger.
You feel a bit more experienced. The orc wizard closely misses you.
The orc wizard points at you and mumbles some strange words.
The magic dart hits you!
* * * LOW HITPOINT WARNING * * *
Evoke which item? (* to show all) (? for menu, Esc to quit)
Zapping:
c - a wand of enslavement (14)
Press: ? - help, Shift-Dir - straight line, f/p - wight
Aim: a wight, wielding a mace and wearing a robe (lightly damaged)
The wight is repulsed!
This wand has 13 charges left.
The wight hits you with a mace!
You die...
Fedhas appreciates your contribution to the ecosystem.

...##.....##................#
....+.......................#
...##.....###.......>.......#
...# ... #.###...........#
...# ####.# #...........#
...# #....# ##+#'########
...# #.#### #.......# ...##
###.#######.......#
....####........@zo......+
....≈≈≈≈≈≈≈≈≈≈≈≈≈#o......#
....≈≈≈≈≈≈≈≈≈≈≈≈≈#.#.#.....
...(≈≈≈≈≈≈≈≈≈≈≈≈≈#o#.#.....
...(≈≈≈≈≈≈≈≈≈≈≈≈≈#.#.#....
....≈≈≈≈≈≈≈≈≈≈≈≈≈#.#.# ..
(...≈≈≈)≈...≈≈≈≈≈..#.#
....≈≈≈≈≈...≈≈≈≈≈..#.
....≈≈≈≈≈f..≈≈≈≈≈....


You could see an orc warrior, a wight and an orc wizard.

Vanquished Creatures
  3 slaves (D:6)
  An ogre (D:4)
  2 centaurs (D:7)
  A giant frog (D:6)
  A quasit (D:7)
  A jelly (D:5)
  3 hounds
  4 crimson imps
  4 orc wizards
  2 giant frog skeletons (D:5)
  5 worker ants
  A hound skeleton (D:4)
  A mummy (D:6)
  8 adders
  3 giant mites
  5 worms
  3 giant geckos
  4 oozes
  20 orcs
  A ball python (D:2)
  A giant cockroach (D:3)
  8 hobgoblins
  11 jackals
  10 bats
  A giant gecko skeleton (D:4)
  2 giant newts
  9 goblins
  A goblin skeleton (D:5)
  14 kobolds
  5 rats
  A rat zombie (D:5)
136 creatures vanquished.

Vanquished Creatures (collateral kills)
  Pikel (D:6)
  A manticore skeleton (D:6)
  An orc priest (D:6)
  3 orc wizards
  A worker ant (D:5)
  2 orcs
  3 jackals
12 creatures vanquished.

Vanquished Creatures (others)
  A necrophage (D:6)
  A giant newt (D:4)
  A wandering mushroom (D:7)
  38 toadstools
41 creatures vanquished.

Grand Total: 189 creatures vanquished

Notes
Turn   | Place    | Note
--------------------------------------------------------------
     0 | D:1      | M4edhros, the Octopode Artificer, began the quest for the Orb.
     0 | D:1      | Reached XP level 1. HP: 13/13 MP: 1/1
     2 | D:1      | Noticed a shark
   250 | D:1      | Reached XP level 2. HP: 13/18 MP: 3/3
   805 | D:1      | Gained mutation: You possess an exceptional clarity of mind. [potion of beneficial mutation]
   807 | D:1      | Paralysed by a potion of paralysis for 7 turns
   986 | D:2      | Reached XP level 3. HP: 11/23 MP: 4/4
  1498 | D:3      | Reached XP level 4. HP: 13/28 MP: 6/6
  1777 | D:3      | Reached skill level 4 in Stealth
  2004 | D:3      | Gained mutation: You can translocate small distances at will. [potion of mutation]
  2004 | D:3      | Gained mutation: Your body is slowly deteriorating. [potion of mutation]
  2004 | D:3      | Gained mutation: Your natural rate of healing is unusually fast. [potion of mutation]
  2126 | D:4      | Reached XP level 5. HP: 16/33 MP: 8/8
  2335 | D:4      | Reached skill level 5 in Stealth
  2578 | D:4      | Found Ofrouwke's Food Emporium.
  2624 | D:4      | Reached XP level 6. HP: 6/38 MP: 10/10
  2905 | D:4      | Noticed an ogre
  2908 | D:4      | Killed an ogre
  2908 | D:4      | Reached skill level 6 in Stealth
  2942 | D:4      | Found a staircase to the Ecumenical Temple.
  2951 | Temple   | Entered the Ecumenical Temple
  3060 | Temple   | Became a worshipper of Fedhas Madash
  3393 | D:3      | Reached skill level 5 in Evocations
  3720 | D:3      | Reached XP level 7. HP: 19/43 MP: 13/13
  3743 | D:3      | Acquired Fedhas' first power
  4522 | D:2      | Lost mutation: Your body is slowly deteriorating. [potion of cure mutation]
  4522 | D:2      | Lost mutation: Your natural rate of healing is unusually fast. [potion of cure mutation]
  4522 | D:2      | Lost mutation: You can translocate small distances at will. [potion of cure mutation]
  4647 | D:5      | Entered Level 5 of the Dungeon
  4791 | D:5      | Reached skill level 1 in Polearms
  4820 | D:5      | Found a viscous altar of Jiyva.
  5375 | D:5      | Reached skill level 7 in Stealth
  5474 | D:6      | Acquired Fedhas' second power
  5836 | D:6      | Reached XP level 8. HP: 48/48 MP: 15/15
  5915 | D:6      | Noticed Pikel
  5996 | D:6      | Killed Pikel
  6637 | D:7      | Slain by a wight

Action                   |  1- 3 |  4- 6 |  7- 9 || total
-------------------------+-------+-------+-------++-------
Melee: Short sword       |    50 |   150 |    42 ||   242
       Trident           |       |       |   184 ||   184
Invok: Evolution         |       |       |     3 ||     3
       Sunlight          |       |       |     1 ||     1
Evoke: Wand              |       |     4 |    18 ||    22
  Use: Potion            |     5 |     1 |     4 ||    10
 Stab: Sleeping          |     1 |     6 |    17 ||    24
       Distracted        |       |     1 |     1 ||     2
